 Dungeon Crawl Stone Soup version 0.30-a0-778-g2ef04afb54 (webtiles) character file.

Game seed: 16780128841874495493

1514 Oxelix the Grappler (level 8, 0/83 HPs)
             Began as a Troll Berserker on Feb 16, 2023.
             Was an Elder of Trog.
             Slain by an orc priest
             ... wielding a +0 trident
              (7 damage)
             ... on level 6 of the Dungeon.
             The game lasted 00:07:21 (4227 turns).

Oxelix the Grappler (Troll Berserker)               Turns: 4227, Time: 00:07:22

Health: 0/83       AC:  4    Str: 28    XL:     8   Next: 53%
Magic:  7/7        EV: 10    Int:  3    God:    Trog [****..]
Gold:   283        SH:  0    Dex:  9    Spells: 7/7 levels left

rFire   . . .      SeeInvis .      - Unarmed
rCold   . . .      Faith    +    (no shield)
rNeg    + . .      Spirit   .    l - +0 robe
rPois   .          Reflect  .    (helmet restricted)
rElec   .          Harm     .    (no cloak)
rCorr   .          Rampage  .    (gloves unavailable)
Will    .....                    (boots unavailable)
Stlth   +                        b - amulet of faith
HPRegen 1.13/turn                h - ring of positive energy
MPRegen 0.10/turn                (no ring)

@: confused, on berserk cooldown, slowed, very slow
A: large, unfitting armour, claws 3, regeneration 1, shaggy fur 1, tough skin 1
a: Renounce Religion, Berserk, Trog's Hand, Brothers in Arms


You were on level 6 of the Dungeon.
You worshipped Trog.
Trog was greatly pleased with you.
You visited 2 branches of the dungeon, and saw 7 of its levels.

You collected 283 gold pieces.

Inventory:

Missiles
 d - a throwing net (quivered)
Armour
 l - a +0 robe (worn)
 q - a +0 cloak
Jewellery
 b - an amulet of faith (around neck)
 g - a ring of fire
 h - a ring of positive energy (left claw)
Wands
 n - a wand of flame (7)
 t - a wand of roots (4)
 v - a wand of acid (13)
Scrolls
 a - 3 scrolls of fear {unknown}
 c - 8 scrolls of identify {unknown}
 f - 4 scrolls of teleportation {unknown}
 i - 2 scrolls of enchant weapon {unknown}
 j - 5 scrolls of enchant armour {unknown}
 k - 2 scrolls of silence {unknown}
 r - a scroll of magic mapping {unknown}
 w - 2 scrolls of vulnerability {unknown}
Potions
 e - a potion of brilliance {unknown}
 m - a potion of curing {unknown}
 o - a potion of lignification {unknown}
 p - a potion of flight {unknown}
 s - a potion of cancellation {unknown}
 u - a potion of magic {unknown}


   Skills:
 + Level 5.6 Fighting
 - Level 2.4 Dodging
 * Level 9.3 Unarmed Combat


You had 7 spell levels left.
You didn't know any spells.
Your spell library was empty.

Dungeon Overview and Level Annotations

Branches:
Dungeon (6/15)             Temple (1/1) D:4

Altars:
Ashenzari
Dithmenos
Fedhas
Gozag
Hepliaklqana
Nemelex Xobeh
Okawaru
Qazlal
Ru
Trog
Vehumet
Wu Jian
Zin
The Shining One
Lugonu

Shops:
D:1 *


Innate Abilities, Weirdness & Mutations

You are too large for most types of armour.
You have claws for hands.
Your natural rate of healing is unusually fast.
You are covered in fur. (AC +1)
You have tough skin. (AC +1)


Message History

You hear some strange, mumbled words.
You completely miss something. Something hits you but does no damage.
The orc priest invokes the aid of Beogh against you.
Something writhes in agony!
A magic dart appears from out of thin air!
The magic dart hits something.
Reactivating autopickup.
You feel a bit more experienced. Something hits you but does no damage.
Deactivating autopickup; reactivate with Ctrl-A.
The orc priest completely misses you. Something hits you but does no damage.
The orc priest closely misses you.
Items here: )) [[ †.
You completely miss the orc priest. Something hits you but does no damage.
The orc priest barely misses you.
You barely miss the orc priest. Your claw misses the orc priest.
Something hits you.
The orc priest hits you with a +0 trident!
You closely miss the orc priest. Your claw misses the orc priest.
You hear some strange, mumbled words.
You are confused.
The orc priest closely misses you.
The orc priest calls down the wrath of Beogh upon you.
Beogh smites you!
* * * LOW HITPOINT WARNING * * *
Something hits you.
* * * LOW HITPOINT WARNING * * *
You claw the orc priest! Your claw misses the orc priest.
The orc priest is severely wounded.
Something hits you.
* * * LOW HITPOINT WARNING * * *
The orc priest calls down the wrath of Beogh upon you.
Beogh smites you!
* * * LOW HITPOINT WARNING * * *
You are too confused!
You closely miss the orc priest.
The orc priest is severely wounded.
Something hits you but does no damage.
The orc priest hits you with a +0 trident!
You die...

.# #..#.....#.# . .#
#..#######.# .. .#
#........).# #####>.
.###.........## ......#
..##.........# ......#
#..#.........# .!!...#
##.#.........# ....<.#
#.## #######{.....#
#..#######....†@o.....#
##.#.......#####......#
#...####### ......#
##### ....[.# ......#
#######


You could see an orc priest.

Vanquished Creatures
  A water moccasin (D:6)
  2 orc warriors (D:6)
  An ice beast (D:6)
  2 ogres (D:5)
  2 phantoms
  3 scorpions
  A bullfrog (D:6)
  2 hounds
  A gnoll bouda (D:4)
  2 orc priests (D:6)
  2 iguanas (D:5)
  2 orc wizards
  9 gnolls
  13 adders
  A white imp (D:6)
  2 ufetubi
  2 worms
  2 dart slugs
  3 orcs
  10 endoplasms
  4 giant cockroaches
  4 goblins
  10 hobgoblins
  3 quokkas
  6 ball pythons
  9 bats
  3 frilled lizards (D:1)
  7 kobolds
  6 rats
115 creatures vanquished.

Vanquished Creatures (others)
  A wizard (D:3)
  An orc wizard (D:6)
  2 demonic plants (Temple)
  2 plants (D:1)
6 creatures vanquished.

Grand Total: 121 creatures vanquished

Notes
Turn   | Place    | Note
-------+----------+-------------------------------------------
     0 | D:1      | Oxelix the Troll Berserker began the quest for the Orb.
     0 | D:1      | Reached XP level 1. HP: 22/22 MP: 0/0
    11 | D:1      | Found Geicw's Assorted Antiques.
    96 | D:1      | Reached XP level 2. HP: 25/29 MP: 1/1
   167 | D:1      | Found a faded altar of an unknown god.
   555 | D:2      | Reached XP level 3. HP: 36/36 MP: 2/2
   560 | D:2      | Identified the +0 sling "Teituv" {antimagic, rPois Will+
                  | Dex+3}
   613 | D:2      | Reached ** piety under Trog
   664 | D:2      | Reached skill level 4 in Unarmed Combat
   702 | D:2      | Reached XP level 4. HP: 36/45 MP: 3/3
  1186 | D:3      | Reached skill level 5 in Unarmed Combat
  1199 | D:3      | Reached XP level 5. HP: 53/53 MP: 4/4
  1514 | D:3      | Found a shadowy altar of Dithmenos.
  1549 | D:3      | Reached *** piety under Trog
  1585 | D:3      | Found a bloodstained altar of Trog.
  1654 | D:3      | Found an iron altar of Okawaru.
  1662 | D:3      | Identified the +7 falchion of a sewer {elec, rF+ Will+}
  1732 | D:3      | Identified the +1 leather armour of Haxutel {Drain rF+
                  | Int+3 SInv}
  1847 | D:3      | Noticed a wizard
  1853 | D:3      | Killed a wizard
  2221 | D:4      | Found a hazy altar of Hepliaklqana.
  2278 | D:4      | Found a staircase to the Ecumenical Temple.
  2304 | D:4      | Reached XP level 6. HP: 33/62 MP: 5/5
  2352 | Temple   | Entered the Ecumenical Temple
  2522 | D:4      | Reached skill level 6 in Unarmed Combat
  3013 | D:5      | Entered Level 5 of the Dungeon
  3026 | D:5      | Reached XP level 7. HP: 70/70 MP: 6/6
  3090 | D:5      | Found an ornate altar of the Wu Jian Council.
  3171 | D:5      | Reached skill level 7 in Unarmed Combat
  3926 | D:6      | Reached skill level 5 in Fighting
  3926 | D:6      | Reached skill level 8 in Unarmed Combat
  3938 | D:5      | Reached XP level 8. HP: 19/80 MP: 7/7
  4067 | D:6      | Found a radiant altar of Vehumet.
  4209 | D:6      | Reached skill level 9 in Unarmed Combat
  4211 | D:6      | Reached **** piety under Trog
  4227 | D:6      | Slain by an orc priest

Illustrated notes

Levels and vault maps discovered:
D:1:      nzn_arrival_water_spiral, layout_rooms, serial_shops,
          nicolae_shop_statue_plus, shapermc_ecumenical_altar_mp_ritualfount
D:2:      layout_loops_ring, minmay_tromino_i4
D:3:      layout_basic, okawaru_ov_weapons_minmay, trog_wizard,
          lemuel_tele_altar, palyth_stone_intersect,
          minmay_fractal_squares_gapless_5
D:4:      layout_basic, lemuel_round_altar, minmay_temple_entry_slanted
D:5:      layout_cave_pods, nzn_wu_jian_council_hall
D:6:      layout_rooms, amcnicky_altar_gilded
Temple:   corrupted_temple

Skill      XL: |  1  2  3  4  5  6  7  8 |
---------------+-------------------------+-----
Unarmed Combat | 4 5 6 8 9 |  9.3
Fighting       | 3 4 5 |  5.6
Dodging        | |  2.4

Action                     |  1- 3 |  4- 6 |  7- 9 || total
---------------------------+-------+-------+-------++-------
  Melee: Unarmed           |    73 |   155 |   100 ||   328
         Punch             |     2 |     3 |     2 ||     7
 Invoke: Berserk           |     1 |     2 |     3 ||     6
         Trog's Hand       |       |     1 |     1 ||     2
 Armour: Animal skin       |     8 |       |       ||     8
         Robe              |    19 |    45 |    40 ||   104
  Dodge: Dodged            |    62 |    89 |    62 ||   213

Table legend: (Time is in decaauts)
 A = Elapsed time spent in this place.
 B = Non-inter-level travel time spent in this place.
 C = Inter-level travel time spent in this place.
 D = Time resting spent in this place.
 E = Time spent auto-exploring this place.
 F = Levels seen in this place.
 G = Mean time per level.
                   A        B        C        D        E       F      G
               +--------+--------+--------+--------+--------+-----+--------+
         Total |   4226 |   4107 |    119 |    117 |   2989 |   7 |  603.7 |
       Dungeon |   4172 |   4053 |    119 |    115 |   2962 |   6 |  695.3 |
        Temple |     53 |     53 |      0 |      2 |     27 |   1 |   53.0 |
               +--------+--------+--------+--------+--------+-----+--------+

Top non-repeatable levels by time:
     D:4: 967 daAuts
     D:5: 947 daAuts
     D:3: 935 daAuts
     D:2: 560 daAuts
     D:1: 513 daAuts
     D:6: 249 daAuts
  Temple: 53 daAuts
